 Dungeon Crawl Stone Soup version 0.30.2 (webtiles) character file.

Game seed: 9446118029496423040

1323 porpoise the Skirmisher (level 8, -1/67 (73) HPs)
             Began as a Minotaur Hunter on Feb 22, 2024.
             Slain by Edmund
             ... wielding a +1 dire flail of draining
              (3 damage)
             ... on level 5 of the Dungeon.
             The game lasted 00:11:09 (3060 turns).

porpoise the Skirmisher (Minotaur Hunter)           Turns: 3060, Time: 00:11:12

HP:   -1/67 (73)    AC:  5    Str: 20    XL:     8   Next: 33%
MP:   7/7           EV: 17    Int:  6    God:
Gold: 224           SH:  0    Dex: 13    Spells: 7/7 levels left

rFire   . . .        a - +0 shortbow
rCold   . . .        (shield currently unavailable)
rNeg    . . .        y - +2 leather armour {Will+}
rPois   .            (helmet restricted)
rElec   .            (no cloak)
rCorr   .            (no gloves)
SInv    .            (no boots)
Will    +....        (no amulet)
Stlth   +            c - ring "Nojycoq" {EV+5 Str+4 Dex-3 Slay+3}
HPRegen 0.31/turn    (no ring)
MPRegen 0.10/turn

%: no passive effects
@: about to teleport, drained
A: horns 2, retaliatory headbutt
a: no special abilities


You were on level 5 of the Dungeon.
You visited 1 branch of the dungeon, and saw 5 of its levels.

You collected 224 gold pieces.

Inventory:

Hand Weapons
 a - a +0 shortbow (weapon)
 b - a +2 dagger of venom
 x - a +0 war axe
Missiles
 k - 6 poisoned darts
 l - 2 curare-tipped darts
Armour
 y - a +2 leather armour of willpower (worn)
 z - the +1 chain mail of Hepliaklqana's Pride {rF+}
   (You found it on level 4 of the Dungeon)

   rF:        It protects you from fire.
Jewellery
 c - the ring "Nojycoq" (left hand) {EV+5 Str+4 Dex-3 Slay+3}
   (You found it on level 2 of the Dungeon)

   [ring of evasion]

   EV:        It affects your evasion (+5).
   Str:       It affects your strength (+4).
   Dex:       It affects your dexterity (-3).
   Slay:      It affects your accuracy & damage with ranged weapons and melee
   (+3).
 e - an amulet of regeneration
 v - an amulet of guardian spirit
Wands
 t - a wand of iceblast (16)
Scrolls
 g - a scroll of torment {unknown}
 h - a scroll of blinking {unknown}
 m - 2 scrolls of immolation
 n - 2 scrolls of identify
 p - a scroll of magic mapping {unknown}
 s - a scroll of fear {unknown}
 u - a scroll of enchant weapon {unknown}
 w - a scroll of enchant armour {unknown}
Potions
 d - a potion of heal wounds
 i - a potion of curing
 j - 2 potions of invisibility
 o - 2 potions of haste
 q - a potion of cancellation


   Skills:
 + Level 7.1 Fighting
 * Level 9.9 Ranged Weapons
 - Level 3.0 Armour
 - Level 2.1 Dodging
 - Level 0.7 Stealth


You had 7 spell levels left.
You didn't know any spells.
Your spell library contained the following spells:

 Spells                   Type           Power      Damage    Failure   Level
 Kiss of Death            Conj/Necr      0%         2d5       50%         1
 Confusing Touch          Hex            0%         N/A       86%         3
 Dispel Undead            Necr           0%         3d6       99%         4
 Chain Lightning          Conj/Air       0%         N/A       100%        9
 Fire Storm               Conj/Fire      0%         5d1       100%        9
 Shatter                  Erth           0%         3d5*      100%        9


Dungeon Overview and Level Annotations

Branches:
Dungeon (5/15)
 Temple: D:4-7

Altars:
Cheibriados
Xom
Yredelemnul

Shops:
D:1 =

Annotations:
D:1 jewlery shop
D:5 Edmund, Prince Ribbit


Innate Abilities, Weirdness & Mutations

You have a pair of horns on your head.
You reflexively headbutt those who attack you in melee.


Message History

The phantom hits you but does no damage.
Fire: a) +0 shortbow
Press: ? - help, Q - select action, (/) - cycle Shift-Dir - straight line, f/p - two-headed ogre
Aim: a two-headed ogre, wielding two +0 giant clubs (almost dead, 79% to hit)
You shoot an arrow.
The arrow barely misses the two-headed ogre.
Prince Ribbit comes into view.
The phantom hits you.
* * * LOW HITPOINT WARNING * * *
Fire: a) +0 shortbow
Press: ? - help, Q - select action, (/) - cycle Shift-Dir - straight line, f/p - two-headed ogre
Aim: a two-headed ogre, wielding two +0 giant clubs (almost dead, 79% to hit)
You shoot an arrow.
Prince Ribbit gives a loud, deep croak!
The arrow hits the two-headed ogre!
You kill the two-headed ogre!
The phantom misses you.
Your Fighting skill gained 2 levels and is now at level 7!
Your Ranged Weapons skill increases to level 9!
You have reached level 8!
You feel stronger.
As you read the scroll of teleportation, it crumbles to dust.
You feel strangely unstable. The phantom barely misses you.
Edmund hits you with a +1 dire flail of draining!
* * * LOW HITPOINT WARNING * * *
You feel drained.
* * * LOW HITPOINT WARNING * * *
You feel much better. The phantom misses you.
Edmund hits you with a +1 dire flail of draining.
* * * LOW HITPOINT WARNING * * *
You feel drained.
* * * LOW HITPOINT WARNING * * *
Prince Ribbit attacks as you move away! Prince Ribbit hits you!
* * * LOW HITPOINT WARNING * * *
The phantom closely misses you. You furiously retaliate!
You headbutt the phantom.
Edmund hits you with a +1 dire flail of draining!
* * * LOW HITPOINT WARNING * * *
You feel drained.
You die...

#......#.. ........#
#.....#.. #......#
#......#......# ..
#......#......###...
#......#.....#...#..
#......#............
#......#@W...'......
#......#.@)..#.....#
#......#.F...#.....#
##...<..#.....#
....#
#.......#.....#
.....
#.......#.....# ....
#.......#.....# ....
#.......#.....#
#.......#.....+


You could see Edmund, Prince Ribbit and a phantom.

Vanquished Creatures
  A two-headed ogre (D:5)
  Sigmund (D:2)
  Menkaure (D:4)
  Duvessa (D:4)
  A black bear (D:5)
  Dowan (D:4)
  An orc priest (D:3)
  Jessica (D:3)
  A mummy (D:3)
  Robin (D:2)
  2 adders
  3 gnolls (D:4)
  2 worms (D:2)
  A dart slug (D:3)
  5 orcs
  8 bats
  6 endoplasms
  3 giant cockroaches
  15 goblins
  10 hobgoblins
  6 kobolds
  3 quokkas (D:1)
  4 ball pythons
  3 frilled lizards
  4 rats
85 creatures vanquished.

Notes
Turn   | Place    | Note
-------+----------+-------------------------------------------
     0 | D:1      | porpoise the Minotaur Hunter began the quest for the Orb.
     0 | D:1      | Reached XP level 1. HP: 18/18 MP: 0/0
    46 | D:1      | Found Mysar's Jewellery Emporium.
    49 | D:1      | Reached XP level 2. HP: 25/25 MP: 1/1
   258 | D:1      | Reached skill level 5 in Ranged Weapons
   724 | D:2      | Reached XP level 3. HP: 31/31 MP: 2/2
   726 | D:2      | Found a shimmering altar of Xom.
   810 | D:2      | Identified the ring "Nojycoq" {EV+5 Str+4 Dex-3 Slay+3}
   846 | D:2      | Reached skill level 1 in Armour
   878 | D:2      | Reached XP level 4. HP: 38/38 MP: 3/3
   882 | D:2      | Noticed Robin
   883 | D:2      | Noticed Sigmund
   896 | D:2      | Killed Robin
   913 | D:2      | Killed Sigmund
   914 | D:2      | Reached skill level 6 in Ranged Weapons
   914 | D:2      | Reached XP level 5. HP: 11/47 MP: 4/4
  1284 | D:3      | Found a snail-covered altar of Cheibriados.
  1421 | D:3      | Reached XP level 6. HP: 53/53 MP: 5/5
  1439 | D:3      | Noticed Jessica
  1467 | D:3      | Killed Jessica
  1905 | D:4      | Noticed Menkaure
  1915 | D:4      | Killed Menkaure
  1916 | D:4      | Reached skill level 5 in Fighting
  1916 | D:4      | Reached skill level 7 in Ranged Weapons
  2249 | D:4      | Noticed Dowan
  2250 | D:4      | Noticed Duvessa
  2271 | D:4      | Killed Duvessa
  2272 | D:4      | Reached XP level 7. HP: 28/61 MP: 6/6
  2272 | D:4      | Killed Dowan
  2273 | D:4      | Reached skill level 8 in Ranged Weapons
  2740 | D:4      | Found a basalt altar of Yredelemnul.
  2815 | D:4      | Identified the +1 chain mail of Hepliaklqana's Pride {rF+}
  3015 | D:5      | Entered Level 5 of the Dungeon
  3044 | D:5      | Noticed a two-headed ogre
  3048 | D:5      | Noticed Edmund
  3056 | D:5      | Noticed Prince Ribbit
  3057 | D:5      | Killed a two-headed ogre
  3058 | D:5      | Reached skill level 9 in Ranged Weapons
  3058 | D:5      | Reached XP level 8. HP: 14/73 MP: 7/7
  3058 | D:5      | HP: 3/73 [Edmund/+1 dire flail of draining (12)]
  3058 | D:5      | HP: 1/70 [Edmund/+1 dire flail of draining (2)]
  3060 | D:5      | Slain by Edmund

Illustrated notes

Levels and vault maps discovered:
D:1:      nicolae_arrival_washed_ashore, layout_rooms, serial_shops, shop
D:2:      layout_basic, basic_altar, uniq_sigmund, uniq_robin
D:3:      layout_basic, chei_slow_surprise, uniq_jessica
D:4:      layout_loops_corners, lemuel_coloured_pillars_altar, uniq_menkaure,
          uniq_duvessa
D:5:      layout_gridville, mainiacjoe_overflow_catwalk,
          minmay_fractal_squares_diagonal_5, uniq_blork_the_orc,
          uniq_prince_ribbit1, uniq_edmund, uniq_crazy_yiuf_cottage

Skill      XL: |  1  2  3  4  5  6  7 |
---------------+----------------------+-----
Fighting       | 3 4 5 7 |  7.1
Ranged Weapons | 5 6 7 9 |  9.9
Armour         | 1 2 3 |  3.0
Dodging        | |  2.1
Stealth        | |  0.7

Action                     |  1- 3 |  4- 6 |  7- 9 || total
---------------------------+-------+-------+-------++-------
   Fire: Shortbow          |   115 |   117 |    22 ||   254
    Use: Potion            |       |     1 |     1 ||     2
         Scroll            |       |     1 |     6 ||     7
 Armour: Ring mail         |     4 |    10 |       ||    14
         Leather armour    |       |       |     2 ||     2
  Dodge: Dodged            |    19 |    40 |    12 ||    71
